 Dungeon Crawl Stone Soup version 0.29.1-12-g30fa7ad0bf (webtiles) character file.

Game seed: 17832895937489099360

12149 styxcanada the Unseen (level 11, -2/53 HPs)
             Began as a Spriggan Brigand on Jan 8, 2023.
             Was an Elder of Dithmenos.
             Slain by a catoblepas (7 damage)
             ... while petrified by a catoblepas
             ... on level 3 of the Lair of Beasts.
             The game lasted 00:49:27 (10026 turns).

styxcanada the Unseen (Spriggan Brigand)           Turns: 10026, Time: 00:49:28

Health: -2/53      AC: 13    Str: 13    XL:     11   Next: 58%
Magic:  30/30      EV:  4    Int: 18    God:    Dithmenos [****..]
Gold:   693        SH:  0    Dex: 21    Spells: 13/21 levels left

rFire   . . .      SeeInvis +   v - +5 dagger (venom)
rCold   . . .      Faith    .   (no shield)
rNeg    + + +      Spirit   .   b - +1 robe
rPois   ∞          Reflect  .   H - +3 hat of Pondering {ponderous, Will+ MP+10 Int+5}
rElec   .          Harm     .   n - +2 cloak
rCorr   .          Rampage  .   (gloves unavailable)
Will    ++...                   (boots unavailable)
Stlth   ++++++++++              l - amulet of regeneration
HPRegen 0.97/turn               D - +4 ring of protection
MPRegen 0.22/turn               C - +6 ring of strength

@: petrified, wreathed by umbra, very quick
A: very small, no large weapons, unfitting armour, see invisible, speed 3,
talons 1
a: Renounce Religion, Shadow Step


You were on level 3 of the Lair of Beasts.
You worshipped Dithmenos.
Dithmenos was greatly pleased with you.
You visited 3 branches of the dungeon, and saw 14 of its levels.

You collected 715 gold pieces.
You spent 22 gold pieces at shops.

Inventory:

Hand Weapons
 j - a +0 sling
 v - a +5 dagger of venom (weapon)
Missiles
 d - 17 poisoned darts (quivered)
 e - 4 curare-tipped darts
Armour
 b - a +1 robe (worn)
 n - a +2 cloak (worn)
 t - a +2 hat
 H - the +3 hat of Pondering (worn) {ponderous, Will+ MP+10 Int+5}
   (You took it off Gastronok on level 8 of the Dungeon)

   Int:       It affects your intelligence (+5).
   MP:        It affects your magic capacity (+10).
   Will:      It increases your willpower.
Jewellery
 l - an amulet of regeneration (around neck)
 C - a +6 ring of strength (right hand)
 D - a +4 ring of protection (left hand)
 E - a +4 ring of evasion
Wands
 m - a wand of quicksilver (1)
 p - a wand of polymorph (6)
 y - a wand of digging (17)
 B - a wand of paralysis (5)
 G - a wand of iceblast (13)
Scrolls
 a - 2 scrolls of immolation
 h - 6 scrolls of identify
 s - 2 scrolls of fear
 u - 2 scrolls of magic mapping
 w - 5 scrolls of teleportation
 z - a scroll of enchant weapon
 A - a scroll of blinking
Potions
 c - a potion of might
 f - 5 potions of curing
 g - 3 potions of magic
 i - 3 potions of heal wounds
 k - a potion of mutation
 o - 2 potions of cancellation
 q - 5 potions of flight
 r - 2 potions of lignification
 x - 2 potions of brilliance


   Skills:
 + Level 3.8 Fighting
 + Level 6.6 Short Blades
 + Level 1.9 Ranged Weapons
 + Level 4.2 Throwing
 * Level 8.3 Dodging
 * Level 16.1 Stealth
 * Level 5.8 Spellcasting
 * Level 3.5 Conjurations
 * Level 1.7 Hexes
 * Level 0.9 Ice Magic
 * Level 4.2 Air Magic
 * Level 4.3 Poison Magic
 * Level 4.1 Invocations
 * Level 5.5 Evocations


You had 13 spell levels left.
You knew the following spells:

 Your Spells              Type           Power      Damage    Failure   Level
a - Mephitic Cloud        Conj/Pois/Air  19%        N/A       7%          3
b - Magic Dart            Conj           72%        1d6       2%          1
c - Searing Ray           Conj           36%        2d5       4%          2
d - Ensorcelled Hibernat  Hex/Ice        20%        N/A       11%         2

Your spell library contained the following spells:

 Spells                   Type           Power      Damage    Failure   Level
 Necrotise                Necr           20%        1d5       12%         1
 Sandblast                Erth           10%        2d5       12%         1
 Summon Small Mammal      Summ           20%        N/A       12%         1
 Spider Form              Tmut/Pois      13%        N/A       16%         3
 Call Imp                 Summ           5%         N/A       19%         2
 Sublimation of Blood     Necr           5%         N/A       19%         2
 Conjure Flame            Conj/Fire      11%        6-21      19%         3
 Ignite Poison            Fire/Tmut/Pois 10%        N/A       21%         3
 Summon Guardian Golem    Hex/Summ       8%         N/A       26%         3
 Call Canine Familiar     Summ           5%         N/A       36%         3
 Fulminant Prism          Conj/Hex       7%         3d7       38%         4
 Cause Fear               Hex            5%         N/A       52%         4
 Sticky Flame             Conj/Fire      11%        2d3       52%         4
 Anguish                  Hex/Necr       4%         N/A       65%         4
 Petrify                  Tmut/Erth      5%         N/A       77%         4
 Irradiate                Conj/Tmut      5%         3d13      86%         5
 Dragon Form              Tmut           2%         N/A       100%        7
 Dragon's Call            Summ           2%         N/A       100%        9


Dungeon Overview and Level Annotations

Branches:
Dungeon (9/15)             Temple (1/1) D:5            Lair (4/5) D:8
 Spider (0/4) Lair:2
  Swamp: Lair:2-3    Shoals: Lair:2-3     Slime: Lair:4-5       Orc: D:9-12

Altars:
Ashenzari
Cheibriados
Dithmenos
Elyvilon
Fedhas
Kikubaaqudgha
Makhleb
Nemelex Xobeh
Okawaru
Qazlal
Ru
Sif Muna
Trog
Uskayaw
Vehumet
Wu Jian
Xom
Yredelemnul
Zin
The Shining One

Shops:
D:2 (   D:8 =

Annotations:
Lair:3 1 transporter, hikkokomori's ghost, journeyman OpCj


Innate Abilities, Weirdness & Mutations

You are very small and have problems with some larger weapons.
You are too small for most types of armour.
You have supernaturally acute eyesight. (SInv)
You cover ground extremely quickly. (Speed+++)
You have sharp toenails.


Message History

A battlesphere comes into view.
You hit the catoblepas but do no damage.
The catoblepas is poisoned.
You claw the catoblepas.
The catoblepas is lightly wounded.
You are engulfed in calcifying dust.
Your limbs have turned to stone.
The catoblepas breathes a plume of calcifying dust at you.
The blast of calcifying dust hits you but does no damage.
Hikkokomori's ghost hits you but does no damage.
You have turned to stone.
You are engulfed in calcifying dust.
The catoblepas gores you! Hikkokomori's ghost hits you!
You are electrocuted!
You are engulfed in calcifying dust.
The bullfrog is engulfed in calcifying dust.
The catoblepas gores you!! Hikkokomori's ghost hits you!
The bullfrog is engulfed in calcifying dust.
The catoblepas gores you but does no damage.
Hikkokomori's ghost barely misses you.
The cane toad is engulfed in calcifying dust.
The cane toad is moving more slowly.
The cane toad stings you. The catoblepas barely misses you.
Hikkokomori's ghost hits you. The cane toad stings you.
* * * LOW HITPOINT WARNING * * *
The cane toad stings you!!
* * * LOW HITPOINT WARNING * * *
The catoblepas gores you but does no damage.
Hikkokomori's ghost hits you but does no damage.
The cane toad stops moving altogether!
The catoblepas gores you but does no damage.
Hikkokomori's ghost says, "I guess you can't buy your way into a good afterlife."
Hikkokomori's ghost hits you but does no damage.
The catoblepas breathes a plume of calcifying dust at you.
The blast of calcifying dust hits you.
The blast of calcifying dust hits the cane toad.
Hikkokomori's ghost hits you!
* * * LOW HITPOINT WARNING * * *
The cane toad is engulfed in calcifying dust.
You are engulfed in calcifying dust.
The cane toad is engulfed in calcifying dust.
The catoblepas gores you!
You die...

........###.............# ###...
.......## ####.........## #...
#......# ##.....#.## ###.
......## # ##..#.#### #.. #.....#
###.##...#..#### ##.
##....###...............# ##..
.......#..####.©.####.... ###...
#........##..#####..###.. ##.....
....#....#..F.§F@Y.#..##.##.....#
...###..##.##.*W###....#......###
...# #.#.....#S....#.##......#
..## #.#..##..©..#...#....####
..# P.#...†..#..##..#...######
.P# ##...#...#... #.....#..##
...... #....#......##...†......
.........##### y###©##..†.†......
.............####©###............


You could see a catoblepas (poisoned), a cane toad (petrified), a water
moccasin, a battlesphere (distracted) and hikkokomori's ghost.

Vanquished Creatures
  Gastronok (D:8)
  2 hydras
  Amaemon (D:8)
  A moth of wrath (Lair:3)
  An orange demon (D:8)
  5 cane toads
  2 komodo dragons
  2 polar bears
  A blink frog (Lair:3)
  A jumping spider (Lair:2)
  A wyvern (Lair:1)
  3 yaks (Lair:1)
  A basilisk (Lair:2)
  Grum (D:8)
  2 redbacks (Lair:2)
  8 water moccasins
  A black bear (Lair:3)
  3 ice beasts
  2 ogres
  2 orc warriors
  4 centaurs
  12 wolves
  A kobold brigand (D:8)
  A necrophage (D:6)
  8 bullfrogs
  2 scorpions
  3 killer bees (D:8)
  An electric eel (Lair:4)
  4 orc priests
  A jelly (D:4)
  4 hounds
  Ijyb (D:5)
  5 iguanas
  8 orc wizards
  Natasha (thrice) (D:4)
  8 adders
  11 gnolls
  2 shadow imps (D:5)
  4 white imps
  A worm (D:3)
  4 dart slugs
  25 orcs
  8 bats
  4 endoplasms
  3 giant cockroaches
  3 goblins (D:2)
  6 hobgoblins
  6 jackals (D:4)
  13 kobolds
  2 quokkas
  5 ball pythons
  6 frilled lizards
  5 rats
215 creatures vanquished.

Vanquished Creatures (others)
  A fungus (Lair:2)
  4 plants
  7 toadstools (D:1)
12 creatures vanquished.

Grand Total: 227 creatures vanquished

Notes
Turn   | Place    | Note
-------+----------+-------------------------------------------
     0 | D:1      | styxcanada the Spriggan Brigand began the quest for the
                  | Orb.
     0 | D:1      | Reached XP level 1. HP: 10/10 MP: 2/2
    34 | D:1      | Reached skill level 6 in Stealth
   221 | D:1      | Reached XP level 2. HP: 14/14 MP: 3/3
   625 | D:1      | Found a faded altar of an unknown god.
   636 | D:1      | Reached skill level 7 in Stealth
   639 | D:1      | Prayed at the altar of an unknown god.
   639 | D:1      | Became a worshipper of Dithmenos the Shadowed
   639 | D:1      | Reached * piety under Dithmenos
   809 | D:1      | Reached XP level 3. HP: 17/18 MP: 4/4
   963 | D:2      | Found Nemateda's Weapon Emporium.
   994 | D:2      | Bought 4 poisoned darts for 22 gold pieces
  1307 | D:2      | Reached XP level 4. HP: 23/23 MP: 5/5
  1364 | D:2      | Reached skill level 8 in Stealth
  1373 | D:2      | Reached ** piety under Dithmenos
  1666 | D:3      | Reached XP level 5. HP: 11/26 MP: 6/6
  2075 | D:3      | You fall into a shaft and drop 3 floors!
  2092 | D:5      | Entered Level 5 of the Dungeon
  2106 | D:6      | Reached skill level 9 in Stealth
  2164 | D:5      | Noticed an ogre
  2177 | D:5      | Reached XP level 6. HP: 13/30 MP: 7/7
  2244 | D:5      | Reached skill level 10 in Stealth
  2493 | D:4      | Noticed Natasha
  2499 | D:4      | Killed Natasha
  2516 | D:4      | Found a glowing silver altar of Zin.
  2707 | D:3      | Found a snail-covered altar of Cheibriados.
  2803 | D:3      | Found a glowing golden altar of the Shining One.
  2804 | D:3      | Found an ancient bone altar of Kikubaaqudgha.
  2805 | D:3      | Found a shadowy altar of Dithmenos.
  3165 | D:3      | Found a burning altar of Makhleb.
  3653 | D:4      | Noticed Natasha
  3676 | D:4      | Killed Natasha
  3677 | D:4      | Reached XP level 7. HP: 35/35 MP: 8/8
  3797 | D:4      | Learned a level 3 spell: Mephitic Cloud
  3841 | D:4      | Identified a scroll of acquirement
  3841 | D:4      | Acquired an amulet of regeneration
  3964 | D:4      | Found a stormy altar of Qazlal.
  3965 | D:4      | Noticed Natasha
  3984 | D:4      | Killed Natasha
  3984 | D:4      | Reached *** piety under Dithmenos
  4112 | D:5      | Noticed Ijyb
  4117 | D:5      | Killed Ijyb
  4118 | D:5      | Reached skill level 1 in Poison Magic
  4229 | D:5      | Reached skill level 1 in Spellcasting
  4316 | D:5      | Reached skill level 11 in Stealth
  4345 | D:5      | Found a bloodstained altar of Trog.
  4397 | D:5      | Found a broken altar of Ashenzari.
  4697 | D:5      | Found a staircase to the Ecumenical Temple.
  4706 | Temple   | Entered the Ecumenical Temple
  5021 | D:6      | Found a shimmering altar of Xom.
  5067 | D:6      | Reached XP level 8. HP: 19/39 MP: 11/11
  5073 | D:6      | HP: 1/39 [centaur/arrow (8)]
  5135 | D:6      | Reached skill level 1 in Conjurations
  5135 | D:6      | Reached skill level 1 in Air Magic
  5135 | D:6      | Reached skill level 1 in Invocations
  6065 | D:7      | Got Askunk's Wizarding for Neophytes
  6127 | D:7      | Found an iron altar of Okawaru.
  6380 | D:7      | Reached skill level 5 in Dodging
  6380 | D:7      | Reached skill level 12 in Stealth
  6415 | D:7      | Reached skill level 5 in Short Blades
  6427 | D:7      | Reached **** piety under Dithmenos
  6459 | D:7      | Reached XP level 9. HP: 44/44 MP: 14/14
  6705 | D:8      | Reached skill level 1 in Evocations
  6716 | D:8      | Found a staircase to the Lair.
  6717 | D:8      | Noticed a komodo dragon
  6725 | D:8      | Killed a komodo dragon
  6764 | D:8      | Noticed Grum
  6771 | D:8      | Killed Grum
  6776 | D:8      | Reached skill level 13 in Stealth
  6822 | D:8      | Found Upaqeros's Jewellery Boutique.
  6880 | D:8      | Noticed Gastronok
  6971 | D:8      | Killed Gastronok
  6972 | D:8      | Reached skill level 1 in Ranged Weapons
  6972 | D:8      | Reached skill level 14 in Stealth
  6972 | D:8      | Reached XP level 10. HP: 49/49 MP: 15/17
  7119 | D:8      | Noticed an orange demon
  7122 | D:8      | Noticed Amaemon
  7168 | D:8      | Killed Amaemon
  7175 | D:8      | Killed an orange demon
  7235 | D:8      | Found a shimmering blue altar of Sif Muna.
  7486 | Lair:1   | Entered Level 1 of the Lair of Beasts
  7495 | Lair:1   | Noticed a cane toad
  7513 | Lair:1   | Noticed a cane toad
  7546 | Lair:1   | Killed a cane toad
  7790 | Lair:1   | Killed a cane toad
  7842 | Lair:1   | Noticed a five-headed hydra
  7853 | Lair:1   | Killed a five-headed hydra
  7854 | Lair:1   | Reached skill level 5 in Spellcasting
  8023 | Lair:1   | Reached XP level 11. HP: 52/52 MP: 19/19
  8059 | Lair:1   | Learned a level 1 spell: Magic Dart
  8062 | Lair:1   | Learned a level 2 spell: Searing Ray
  8408 | Lair:1   | Gained mutation: Potions are less effective at restoring
                  | your health. [potion of mutation]
  8409 | Lair:1   | Lost mutation: Potions are less effective at restoring your
                  | health. [potion of mutation]
  8409 | Lair:1   | Gained mutation: You have sharp toenails. [potion of
                  | mutation]
  8520 | Lair:2   | Reached skill level 15 in Stealth
  8537 | Lair:2   | You fall into a shaft and drop 2 floors!
  8707 | Lair:3   | Noticed a catoblepas
  8736 | Lair:3   | Found a transporter.
  8939 | Lair:2   | Learned a level 2 spell: Ensorcelled Hibernation
  9040 | Lair:2   | Reached skill level 5 in Evocations
  9071 | Lair:2   | Noticed a four-headed hydra
  9112 | Lair:2   | Killed a four-headed hydra
  9113 | Lair:2   | Reached skill level 1 in Hexes
  9400 | Lair:2   | Found a hole to the Spider Nest.
  9687 | Lair:3   | Reached skill level 16 in Stealth
  9993 | Lair:3   | Found a transporter.
 10002 | Lair:3   | Noticed hikkokomori's ghost (journeyman OpCj)
 10026 | Lair:3   | Slain by a catoblepas

Illustrated notes

Levels and vault maps discovered:
D:1:      nagdon_arrival_zigzag_paths, layout_loops_ring,
          hellmonk_ecumenical_altar_pennies_from_heaven, serial_glass,
          glass_columns_a, glass_columns_c, glass_columns_a, glass_columns_b,
          glass_columns_c, glass_columns_c
D:2:      layout_basic, serial_shops, nicolae_shop_advertising_works
          [nicolae_subvault_shop_adworks], nrook_campfire, nicolae_grassy_gnolls
D:3:      layout_loops_ring, chequers_temple_overflow_statue_of_worship,
          general_overflow_altar, lemuel_tele_altar, portal_sewer_entry_e,
          grunt_decor_arrowhead
D:4:      layout_loops_ring, lemuel_round_altar,
          nicolae_qazlal_scattered_showers, uniq_natasha
D:5:      layout_basic, bloody_trog, ashenzari_altar_1,
          minmay_temple_entry_poolview, grunt_ministairs_6, uniq_ijyb
D:6:      dreamdust_elfheim, layout_basic, mainiacjoe_overflow_catwalk,
          serial_rivers, chequers_serial_rivers_room_a,
          chequers_serial_rivers_micro_a, chequers_serial_rivers_small_a,
          chequers_serial_rivers_micro_c
D:7:      layout_basic, mainiacjoe_overflow_brackets
D:8:      layout_loops_ring, nicolae_sif_muna_condensation, david_lair_shrubbed,
          serial_shops, shop, hangedman_decor_slide_cut, uniq_amaemon,
          uniq_grum, uniq_gastronok
D:9:      layout_gridville, mainiacjoe_overflow_concentric_impassable,
          nicolae_hepliaklqana_hippocampus, serial_shops, shop, shop,
          minmay_orc_keep, uniq_prince_ribbit1, uniq_psyche
Temple:   hellmonk_temple_micro_hex
Lair:1:   layout_long_grid
Lair:2:   layout_roguey, spider_nest_entry_funnel_web
Lair:3:   layout_hall_layers, minmay_swamp_entry_swarm,
          gammafunk_ghost_berserking_beasts
Lair:4:   layout_gridlike, nicolae_slime_entry_slimehenge,
          cheibrodos_lair_caveside_slide, st_stairs_10, serial_bayou_shore_b

Skill      XL: |  1  2  3  4  5  6  7  8  9 10 11 |
---------------+----------------------------------+-----
Stealth        | 6 7 8 9 10 11 12 14 16 | 16.1
Dodging        | 2 3 4 5 7 8 |  8.3
Fighting       | 2 3 |  3.8
Short Blades   | 3 4 5 6 |  6.6
Poison Magic   | 1 2 3 4 |  4.3
Spellcasting   | 1 2 4 5 |  5.8
Throwing       | 3 4 |  4.2
Conjurations   | 1 2 3 |  3.5
Air Magic      | 2 3 4 |  4.2
Invocations    | 1 2 3 4 |  4.1
Evocations     | 3 4 5 |  5.5
Ranged Weapons | 1 |  1.9
Hexes          | 1 |  1.7
Ice Magic      | |  0.9

Action                   |  1- 3 |  4- 6 |  7- 9 | 10-12 || total
-------------------------+-------+-------+-------+-------++-------
Melee: Dagger            |    71 |   155 |   224 |   219 ||   669
       Punch             |     1 |     1 |     2 |     8 ||    12
       Kick              |       |       |       |    41 ||    41
 Fire: Sling             |       |       |     8 |       ||     8
Throw: Dart              |    10 |    21 |    24 |    22 ||    77
 Cast: Magic Dart        |       |       |       |     1 ||     1
       Searing Ray       |       |       |       |     1 ||     1
Invok: Shadow Step       |       |       |       |     1 ||     1
Evoke: Wand              |       |       |     1 |     5 ||     6
  Use: Scroll            |     7 |     5 |    12 |     5 ||    29
       Potion            |       |       |       |     3 ||     3
 Stab: Sleeping          |    10 |    18 |    24 |    20 ||    72
       Distracted        |     1 |     1 |     1 |     1 ||     4
       Paralysed         |       |       |     1 |     2 ||     3
Armor: Robe              |     3 |    19 |    29 |    44 ||    95
Dodge: Dodged            |    28 |    91 |   153 |   295 ||   567
